AoeStats
← a.l.a.n.t

MegaRandom

505508727Analyzed
2v2 RM · 22d ago on Sep 9, 2026· 48m 47s· 4 players
Game mode
Random Map
Map size
Medium (4 player)
Population
200
Speed
Normal
Resources
Standard
Victory
Conquest
Starting age
Dark Age
Ending age
Imperial Age
RankedLock teamsTeams togetherTeam positionsShared explorationLock speedFull tech treeHidden civsTurbo modeCheats
Victory
Defeat
🇳🇴 Britons · Norway
1267
+16
🇳🇴 Japanese · Norway
1259
+16
🇬🇧 Magyars · United Kingdom
1346
-20
🇮🇶 Chinese · Iraq
1170
-12
a.l.a.n.t
9:38 Loom
11:23 Feudal Age
16:11 Castle Age
14:28 Double-Bit Axe
18:55 Scale Barding Armor
24:26 Horse Collar
29:30 Bow Saw
31:32 Fletching
35:12 Wheelbarrow
34:59 Bodkin Arrow
35:05 Padded Archer Armor
35:06 Bodkin Arrow
37:47 Imperial Age
35:22 Bodkin Arrow
36:10 Corvinian Army
36:14 Padded Archer Armor
36:38 Ballistics
37:47 Thumb Ring
38:37 Hand Cart
38:44 Leather Archer Armor
39:15 Parthian Tactics
38:10 Heavy Cavalry Archer
38:58 Bracer
39:30 Conscription
39:38 Husbandry
41:59 Chemistry
41:17 Recurve Bow
42:10 Elite Magyar Huszar
42:16 Light Cavalry
43:06 Bloodlines
43:34 Hussar
44:50 Capped Ram
49:11 Chain Barding Armor
aryaszahir958
1:43 Loom
10:42 Feudal Age
11:18 Horse Collar
11:26 Double-Bit Axe
22:09 Castle Age
20:30 Fletching
21:11 Padded Archer Armor
23:02 Crossbowman
24:01 Bodkin Arrow
25:33 Gold Mining
29:22 Wheelbarrow
29:25 Leather Archer Armor
31:05 Stone Mining
31:58 Gold Shaft Mining
31:29 Heavy Plow
32:03 Bow Saw
35:54 Imperial Age
34:04 Stone Shaft Mining
37:01 Hand Cart
37:50 Chemistry
36:34 Cavalier
37:15 Husbandry
37:25 Bloodlines
37:20 Bracer
37:21 Scale Mail Armor
37:28 Scale Barding Armor
37:52 Elite Skirmisher
40:13 Thumb Ring
41:50 Elite Chu Ko Nu
Dr_Kaufman
10:43 Feudal Age
10:08 Loom
11:43 Double-Bit Axe
18:01 Castle Age
16:12 Fletching
18:10 Padded Archer Armor
18:38 Crossbowman
20:04 Bow Saw
22:46 Wheelbarrow
25:13 Bodkin Arrow
26:04 Ballistics
26:49 Leather Archer Armor
28:07 Hand Cart
29:31 Horse Collar
35:13 Imperial Age
32:56 Town Watch
35:00 Yeomen
35:44 Town Patrol
36:34 Bracer
36:05 Arbalester
38:31 Chemistry
38:02 Ring Archer Armor
38:51 Conscription
38:50 Heavy Plow
39:52 Two-Man Saw
40:19 Treadmill Crane
40:46 Siege Engineers
41:12 Pikeman
41:53 Squires
41:54 Scale Mail Armor
42:04 Forging
43:10 Chain Mail Armor
44:09 Elite Skirmisher
46:13 Halberdier
47:25 Plate Mail Armor
47:30 Iron Casting
48:42 Warwolf
Dorskepels
10:52 Feudal Age
12:17 Loom
16:53 Castle Age
15:06 Double-Bit Axe
20:50 Pikeman
21:46 Horse Collar
23:47 Heavy Plow
24:42 Scale Mail Armor
25:18 Fletching
25:41 Forging
29:16 Wheelbarrow
33:49 Imperial Age
31:59 Hand Cart
32:18 Chain Mail Armor
33:36 Iron Casting
33:13 Squires
33:00 Gambesons
33:03 Arson
34:07 Man-at-Arms
35:39 Long Swordsman
36:58 Plate Mail Armor
37:28 Blast Furnace
36:22 Two-Handed Swordsman
37:17 Champion
47:53 Halberdier
Connection lost

Rejoining the realm…

Still unreachable

The connection could not be restored.

Session expired

The server has moved on; the page needs a fresh start.